 Dungeon Crawl Stone Soup version 0.31.0-32-g396128a36d (webtiles) character file.

Game seed: 2110297536890480949

9116 KittyFluff the Grappler (level 11, -1/107 HPs)
             Began as a Troll Shapeshifter on Apr 4, 2024.
             Shot with an arrow by a centaur warrior (21 damage)
             ... on level 9 of the Dungeon on Apr 5, 2024.
             The game lasted 00:38:02 (7680 turns).

KittyFluff the Grappler (Troll Shapeshifter)        Turns: 7680, Time: 00:38:03

Health: -1/107     AC: 11    Str: 34    XL:     11   Next: 18%
Magic:  0/10       EV: 10    Int:  6    God:
Gold:   510        SH:  0    Dex:  9    Spells: 10/10 levels left

rFire   . .          .
                       - Unarmed
rCold   . . .        (no shield)
rNeg    . . .        S - quicksilver dragon scales
rPois   +            (helmet currently unavailable)
rElec   .            (cloak currently unavailable)
rCorr   .            (gloves unavailable)
SInv    .            (boots unavailable)
Will    +....        J - amulet of guardian spirit Stlth
                     H - +6 ring of strength
HPRegen 1.17/turn    G - ring of poison resistance
MPRegen 0.12/turn

%: guardian spirit
@: beast-form
A: beast (slay +4), large, unfitting armour, claws 3, regeneration 1, shaggy fur
1, tough skin 1
a: Begin Untransformation


You were on level 9 of the Dungeon.
You were a hulking beast.
You visited 2 branches of the dungeon, and saw 10 of its levels.
You also visited: Sewer.

You collected 510 gold pieces.

Inventory:

Hand Weapons
 g - a +0 sling
 w - a +0 orcbow
 y - a +0 quarterstaff
 C - a +0 morningstar
 M - a +0 shortbow
 N - a +2 flail
 Q - a +3 flail
Missiles
 f - 131 stones (quivered)
 l - 6 javelins
 m - 14 poisoned darts
 u - a boomerang
 U - a curare-tipped dart
Armour
 K - +0 steam dragon scales
 O - a +2 hat
 S - quicksilver dragon scales (worn)
Magical Staves
 z - a staff of cold
Jewellery
 k - an amulet of regeneration
 r - a ring of protection from cold
 x - the Hermit's Pendant {Faith Invo=14 Evo=0 MP+5}
   (You found it on level 3 of the Dungeon)

   [amulet of faith]

   Invo=14: It sets your Invocations skill to 14.
   Evo=0: It sets your Evocations skill to 0.
   Faith:     It allows you to gain divine favour quickly.
   MP+5:      It affects your magic capacity (+5).
 G - a ring of poison resistance (right claw)
 H - a +6 ring of strength (left claw)
 J - an amulet of guardian spirit (around neck)
 R - a ring of ice
Talismans
 c - a beast talisman
 d - a flux talisman
Wands
 h - a wand of mindburst (13)
 L - a wand of polymorph (24)
 T - a wand of flame (5)
Scrolls
 o - a scroll of vulnerability
 p - 4 scrolls of fear
 s - 7 scrolls of teleportation
 t - 3 scrolls of poison
 A - 4 scrolls of noise
 B - 3 scrolls of blinking
 F - a scroll of revelation
 I - a scroll of immolation
Potions
 a - a potion of mutation {unknown}
 b - 2 potions of lignification
 e - a potion of haste {unknown}
 i - 2 potions of degeneration {unknown}
 j - 2 potions of invisibility {unknown}
 q - 2 potions of enlightenment {unknown}
 v - 2 potions of brilliance {unknown}
 D - a potion of curing {unknown}
 E - 2 potions of attraction {unknown}
 P - a potion of heal wounds


   Skills:
 + Level 6.6 Fighting
 + Level 6.5 Throwing
 + Level 1.6 Armour
 + Level 6.9 Dodging
 + Level 8.5 Unarmed Combat
 + Level 7.8 Shapeshifting


You had 10 spell levels left.
You didn't know any spells.
Your spell library contained the following spells:

 Spells                   Type           Power      Damage    Failure   Level
 Mercury Vapours          Alch/Air       0%         N/A       71%         2
 Dazzling Flash           Conj/Hex       0%         N/A       90%         3
 Mephitic Cloud           Conj/Alch/Air  0%         N/A       90%         3
 Curse of Agony           Necr           0%         N/A       100%        5
 Freezing Cloud           Conj/Ice/Air   0%         6-21      100%        5
 Silence                  Hex/Air        0%         N/A       100%        5


Dungeon Overview and Level Annotations

Branches:
Dungeon (9/15)             Temple (1/1) D:7            Lair (0/5) D:9
  Sewer (visited)
    Orc: D:9-12

Altars:
Ashenzari
Cheibriados
Dithmenos
Elyvilon
Fedhas
Gozag
Hepliaklqana
Makhleb
Nemelex Xobeh
Qazlal
Ru
Sif Muna
Uskayaw
Vehumet
Wu Jian
Xom
Yredelemnul
Zin
The Shining One

Shops:
D:3 :   D:4 ?


Innate Abilities, Weirdness & Mutations

You are a hulking beast.
Your limbs bulge with bestial killing power. (Slay +4)
You are too large for most types of armour.
You have claws for hands.
Your natural rate of healing is unusually fast.
You are covered in fur. (AC +1)
You have tough skin. (AC +1)


Message History

You mangle the killer bee!!
You kill the killer bee!
The killer bee stings you but does no damage.
You barely miss the killer bee. You claw the killer bee!
You kill the killer bee!
The centaur wields a +0 shortbow.
The centaur shoots an arrow.
The arrow hits you!
The centaur unwields a +0 shortbow.
The centaur barely misses you.
The centaur kicks you but does no damage.
Items here: ††††.
You mangle the centaur!!
You kill the centaur!
Things that are here:
a +0 shortbow; a +0 shortbow; a centaur corpse A centaur warrior comes into view.
The centaur warrior shouts!
The centaur warrior wields a +0 orcbow.
The centaur warrior shoots an arrow.
The arrow hits you!
You hear a shout!
The centaur warrior shoots an arrow.
The arrow completely misses you.
An orc comes into view. It is wielding a +0 whip.
The centaur warrior shoots an arrow.
The arrow hits you!
The centaur warrior shoots an arrow.
The arrow barely misses you.
The centaur warrior shoots an arrow.
The arrow barely misses you.
The centaur warrior shoots an arrow.
The arrow hits you!
The centaur warrior shoots an arrow.
The arrow hits you!
The centaur warrior shoots an arrow.
The arrow hits you!
The centaur warrior shoots an arrow.
The arrow barely misses you.
The centaur warrior shoots an arrow.
The arrow hits you!!
The centaur warrior shoots an arrow.
The arrow hits you!!
* * * LOW HITPOINT WARNING * * *
The centaur warrior shoots an arrow.
The arrow barely misses you.
As you read the scroll of fog, it dissolves into smoke.
The centaur warrior shoots an arrow.
The arrow hits you!
* * * LOW HITPOINT WARNING * * *
The centaur warrior shoots an arrow.
The arrow hits you!
* * * LOW HITPOINT WARNING * * *
The centaur warrior shoots an arrow.
The arrow barely misses you.
The centaur warrior shoots an arrow.
The arrow hits you!!
You die...

#.##..§§§.........######
#......o>.........).....
#.#...............######
#.#...............# ########
#.###.P.....#.....#
.......###.#.#..c...[#.....#
######...†.#.##.....##.....#
#####...###...###.....#
######.h.## #######
########.### #.........# ##
#.........# .#
#####..)).....#
.###..†)..<).....#
.....###.........# .#####
#.........# ## #.........#


You could see a centaur warrior and an orc.

Vanquished Creatures
  Gastronok (D:8)
  The ghost of 601d51SH the Shield-Bearer, a novice GnFi of Hepliaklqana (D:6)
  Joseph (D:8)
  An elephant (D:9)
  A kobold demonologist (D:8)
  A troll (D:8)
  Sigmund (D:3)
  A slime creature (D:9)
  5 yaks (D:9)
  A vampire (D:9)
  5 humans (D:7)
  A basilisk (D:9)
  A steam dragon (D:7)
  An acid dragon (D:8)
  A water moccasin (D:9)
  An ice beast (D:6)
  4 orc warriors
  A sky beast (D:8)
  2 black bears
  4 centaurs
  A phantom (D:5)
  3 kobold brigands
  3 bullfrogs
  A scorpion (D:6)
  7 wights
  15 killer bees (D:9)
  5 howler monkeys
  A bombardier beetle (D:5)
  6 hounds
  2 jellies (D:6)
  12 orc priests
  6 iguanas
  6 orc wizards
  2 sleepcaps (D:5)
  2 hound zombies (D:3)
  13 adders
  2 ufetubi (D:6)
  An adder zombie (D:3)
  16 dart slugs
  3 ribbon worms
  51 orcs
  9 bats
  15 endoplasms
  11 giant cockroaches
  7 goblins
  3 hobgoblins
  7 quokkas
  18 ball pythons
  14 frilled lizards
  15 kobolds
  5 rats
297 creatures vanquished.

Vanquished Creatures (others)
  A frilled lizard (D:3)
  A rat (D:3)
2 creatures vanquished.

Grand Total: 299 creatures vanquished

Notes
Turn   | Place    | Note
-------+----------+-------------------------------------------
     0 | D:1      | KittyFluff the Troll Shapeshifter began the quest for the
                  | Orb.
     0 | D:1      | Reached XP level 1. HP: 18/18 MP: 0/0
   127 | D:1      | Reached skill level 1 in Fighting
   145 | D:1      | Reached XP level 2. HP: 27/27 MP: 1/1
   380 | D:1      | Reached XP level 3. HP: 33/33 MP: 2/2
   923 | D:2      | Found a glowing silver altar of Zin.
  1192 | D:3      | Noticed Sigmund
  1217 | D:3      | Killed Sigmund
  1218 | D:3      | Reached skill level 4 in Unarmed Combat
  1218 | D:3      | Reached XP level 4. HP: 24/44 MP: 3/3
  1218 | D:3      | Reached XP level 5. HP: 27/50 MP: 4/4
  1330 | D:3      | Found a blossoming altar of Fedhas.
  1391 | D:3      | Reached XP level 6. HP: 56/59 MP: 5/5
  1563 | D:3      | Found Coex's Book Shoppe.
  1661 | D:3      | Found a hazy altar of Hepliaklqana.
  1778 | D:3      | Found a faded altar of an unknown god.
  1778 | D:3      | Found the Hermit's Pendant {Faith Invo=14 Evo=0 MP+5}
  1920 | D:3      | Found a basalt altar of Yredelemnul.
  1988 | D:3      | Found a white marble altar of Elyvilon.
  2495 | D:4      | Reached skill level 1 in Throwing
  2765 | D:4      | Found Ragruen's Magic Scroll Boutique.
  3011 | D:4      | Reached XP level 7. HP: 33/66 MP: 6/6
  3106 | D:5      | Entered Level 5 of the Dungeon
  3294 | D:5      | Reached skill level 5 in Unarmed Combat
  3326 | D:5      | Found a glowing drain.
  3347 | Sewer    | Entered a sewer
  3665 | Sewer    | Reached XP level 8. HP: 75/75 MP: 7/7
  3669 | Sewer    | Reached skill level 5 in Shapeshifting
  4221 | D:6      | Identified the +0 leather armour of Impatience {rElec}
  4693 | D:6      | Reached skill level 6 in Unarmed Combat
  4749 | D:6      | Found a hide-covered altar of Uskayaw.
  4751 | D:6      | Noticed a +0 dagger
  4751 | D:6      | Noticed a +0 hand axe
  4781 | D:6      | Found a runed translucent door.
  4781 | D:6      | Noticed 601d51SH's ghost (novice GnFi)
  4860 | D:6      | Killed 601d51SH's ghost
  4861 | D:6      | Reached XP level 9. HP: 61/85 MP: 8/8
  4925 | D:6      | Reached skill level 5 in Dodging
  5250 | D:7      | HP: 2/85 [something (12)]
  5376 | D:7      | Reached skill level 5 in Fighting
  5474 | D:7      | Found a staircase to the Ecumenical Temple.
  5503 | Temple   | Entered the Ecumenical Temple
  5606 | D:7      | Reached skill level 7 in Unarmed Combat
  5611 | D:7      | Found a snail-covered altar of Cheibriados.
  5645 | D:7      | HP: 2/88 [something/puff of flame (12)]
  5653 | D:7      | Reached skill level 5 in Throwing
  5946 | D:8      | Noticed Joseph
  6030 | D:8      | Noticed a kobold demonologist
  6057 | D:8      | Killed a kobold demonologist
  6058 | D:8      | Reached XP level 10. HP: 96/96 MP: 7/9
  6362 | D:8      | HP: 4/98 [Joseph/+0 quarterstaff (17)]
  6364 | D:8      | Killed Joseph
  6369 | D:8      | Noticed Gastronok
  6372 | D:8      | HP: 1/98 [orc warrior/+0 long sword (7)]
  6731 | D:8      | Killed Gastronok
  6732 | D:8      | Reached skill level 8 in Unarmed Combat
  7044 | D:9      | Found a staircase to the Lair.
  7044 | D:9      | Noticed an elephant
  7055 | D:9      | Killed an elephant
  7233 | D:9      | Found a stormy altar of Qazlal.
  7383 | D:9      | Reached XP level 11. HP: 102/105 MP: 10/10
  7433 | D:9      | Reached skill level 1 in Armour
  7655 | D:9      | Noticed a centaur warrior
  7680 | D:9      | Shot with an arrow by a centaur warrior

Illustrated notes

Levels and vault maps discovered:
D:1:      shiori_shiawase, layout_basic, minmay_lizard_pond
D:2:      layout_rooms, basic_altar
D:3:      layout_loops_corners, fedhas_ov_isle_minmay,
          nicolae_yredelemnul_corpse_copse, nicolae_hepliaklqana_hazy_memory,
          elyvilon_altar_4, serial_shops, shop, hellmonk_guarded_unrand_hermit,
          uniq_sigmund
D:4:      layout_rooms, serial_shops, nicolae_stop_n_shop_2,
          serial_co_window_serial, co_window_corner_a, co_window_corner_a,
          co_window_cross_1, co_window_paths_b, co_window_paths_b,
          co_window_of_opportunity_b, co_window_of_opportunity_c,
          co_window_of_opportunity_b, co_window_corner_cb,
          co_window_of_opportunity_b, co_window_broadway_c, co_window_corner_b,
          co_window_paths_d, glass_columns_b, glass_columns_a
D:5:      layout_basic, mainiacjoe_sewer_entry_somewhere_in_here_1,
          kennysheep_small_square
D:6:      layout_loops_cross, dancing_weapons_uskayaw, gammafunk_ghost_grave,
          chequers_serial_rivers_small_b
D:7:      layout_rooms, cheibriados_altar_1, minmay_ruffians
D:8:      layout_cave_pools, minmay_liquid_box, uniq_joseph, uniq_gastronok
D:9:      layout_roguey [special_room_orc], nicolae_overflow_hidden_temple,
          nicolae_qazlal_eye_of_the_storm, david_lair_generic,
          minmay_chambers_of_fives
Temple:   nicolae_temple_godzebo

Skill      XL: |  1  2  3  4  5  6  7  8  9 10 11 |
---------------+----------------------------------+-----
Fighting       | 1 2 3 4 5 6 |  6.6
Dodging        | 2 3 4 5 6 |  6.9
Unarmed Combat | 4 5 6 7 8 |  8.5
Shapeshifting  | 4 5 6 7 |  7.8
Throwing       | 1 2 4 5 6 |  6.5
Armour         | 1 |  1.6

Action                     |  1- 3 |  4- 6 |  7- 9 | 10-12 || total
---------------------------+-------+-------+-------+-------++-------
  Melee: Unarmed           |   100 |    85 |   340 |   221 ||   746
         Punch             |     2 |     1 |     5 |    14 ||    22
  Throw: Stone             |       |       |       |     3 ||     3
    Use: Scroll            |       |     1 |     8 |     3 ||    12
         Potion            |       |       |     1 |     1 ||     2
 Armour: Animal skin       |    56 |    57 |   150 |       ||   263
         Steam dragon scal |       |       |    91 |    66 ||   157
         Quicksilver drago |       |       |       |   116 ||   116
  Dodge: Dodged            |    45 |    37 |   150 |   122 ||   354
